[Event "Titled Tuesday Blitz March 21 Early 2023"]
[White "Lazavik, Denis"]
[Black "Dubov, Daniil"]
[WhiteFideId "13515110"]
[BlackFideId "24126055"]
[WhiteElo "2560"]
[BlackElo "2802"]
[Result "1-0"]
[Round "08"]
[TimeControl "180+2"]
[Date "2023.03.21"]
[WhiteClock "0:00:25"]
[BlackClock "0:00:05"]

1. d4 d5 2. c4 c6 3. Nf3 Nf6 4. Qc2 g6 5. cxd5 cxd5 6. Bf4 Nc6 7. Nc3 Bg7 8. e3 O-O 9. Be2 Nh5 10. Bg5 h6 11. Bh4 g5 12. Bg3 g4 13. Nh4 e5 14. dxe5 d4 15. Rd1 Qb6 16. exd4 Nxd4 17. Qe4 Nxe2 18. Qxe2 Re8 19. Nd5 Qe6 20. Nc7 Nxg3 21. hxg3 Qxe5 22. Nxe8 Qa5+ 23. Rd2 Bd7 24. Nxg7 Bb5 25. Qe3 Rc8 26. f3 Rc1+ 27. Kf2 Rxh1 28. Qd4 Rf1+ 29. Ke3 Re1+ 30. Kf4 Bc6 31. Ngf5 Qc7+ 32. Kxg4 1-0


[Site "https://www.chess.com"]

[Event "Titled Tuesday Blitz March 21 Early 2023"]
[White "Wei, Yi"]
[Black "Seo, Jung Min"]
[WhiteFideId "8603405"]
[BlackFideId "1734687"]
[WhiteElo "2686"]
[BlackElo "2468"]
[Result "1-0"]
[Round "08"]
[TimeControl "180+2"]
[Date "2023.03.21"]
[WhiteClock "0:01:16"]
[BlackClock "0:01:01"]

1. b3 d5 2. Bb2 Nf6 3. Nf3 Bf5 4. g3 e6 5. Bg2 h6 6. d3 Nbd7 7. Nbd2 Bh7 8. O-O Be7 9. e4 O-O 10. Qe2 a5 11. a3 c6 12. Kh1 Qc7 13. e5 Ne8 14. a4 Qd8 15. Rae1 Nc7 16. h4 Na6 17. Nd4 Nb4 18. Qd1 Rb8 19. f4 c5 20. Nb5 Re8 21. Bh3 Nf8 22. Kh2 Nc6 23. Nf3 Qd7 24. g4 Rbd8 25. h5 c4 26. g5 cxd3 27. cxd3 Nb4 28. gxh6 Nxd3 29. hxg7 Kxg7 30. f5 Nxb2 31. f6+ Kh8 32. Qd2 Bxf6 33. exf6 Nd3 34. Qh6 Qd6+ 35. Nxd6 1-0


[Site "https://www.chess.com"]

[Event "Titled Tuesday Blitz March 21 Early 2023"]
[White "Paravyan, David"]
[Black "Svane, Rasmus"]
[WhiteFideId "4194985"]
[BlackFideId "4657101"]
[WhiteElo "2577"]
[BlackElo "2597"]
[Result "1-0"]
[Round "08"]
[TimeControl "180+2"]
[Date "2023.03.21"]
[WhiteClock "0:00:05"]
[BlackClock "0:00:02"]

1. Nf3 d5 2. d4 Nf6 3. c4 e6 4. Nc3 c5 5. cxd5 cxd4 6. Qxd4 exd5 7. e4 dxe4 8. Qxd8+ Kxd8 9. Ng5 Be6 10. Bd2 Bb4 11. g3 Nbd7 12. Nxe6+ fxe6 13. Bg2 Nc5 14. Ke2 Ke7 15. Nxe4 Bxd2 16. Nxc5 Ba5 17. Rac1 Bb6 18. Na4 Rhd8 19. Nxb6 axb6 20. Rc7+ Rd7 21. Rxd7+ Nxd7 22. a3 Rc8 23. Rd1 Rc7 24. Rd4 Nf6 25. Rb4 Nd7 26. Be4 h6 27. h4 Kd6 28. Ke3 Kc5 29. Bd3 Nf6 30. Rc4+ Kd6 31. Rxc7 Kxc7 32. f4 Kd6 33. Be4 Kc7 34. Bf3 b5 35. Kd4 Nd7 36. b4 b6 37. Be2 Kc6 38. Bf1 Kd6 39. Bxb5 Nf6 40. Be2 Nd5 41. Bf3 Ne7 42. Be4 b5 43. Bd3 Nc6+ 44. Ke4 Na7 45. h5 Ke7 46. g4 Kd6 47. g5 Ke7 48. g6 Kd6 49. Be2 Ke7 50. f5 Kf6 51. fxe6 Kxe6 52. Kd4 Kd6 53. Ke4 Ke6 54. Bf1 Kd6 55. Kf5 Nc6 56. Kf4 Na7 57. Ke4 Ke6 58. Bd3 Kd6 59. Bc2 Ke6 60. Bb3+ Kd6 61. Bf7 Nc8 62. Kd4 Ne7 63. Be8 Nf5+ 64. Kd3 Ng3 65. Bxb5 Nxh5 66. Ke4 Nf6+ 67. Kf5 Nd5 68. Bd3 Ne7+ 69. Kf4 Nc6 70. Be4 Nd4 71. a4 h5 72. a5 Nb5 73. Bd3 Nd4 74. b5 Kc7 75. b6+ Kb7 76. Be4+ Ka6 77. b7 Ka7 78. Ke5 Nb3 79. Ke6 Nxa5 80. Kf7 Nc4 81. Kxg7 h4 82. Bh1 Ne5 83. Kf6 Ng4+ 84. Kg5 Nf2 85. g7 Nxh1 86. b8=Q+ Kxb8 87. g8=Q+ Ka7 88. Qf7+ 1-0


[Site "https://www.chess.com"]

[Event "Titled Tuesday Blitz March 21 Early 2023"]
[White "Pranav, V"]
[Black "Howell, David W L"]
[WhiteFideId "25060783"]
[BlackFideId "410608"]
[WhiteElo "2500"]
[BlackElo "2567"]
[Result "1/2-1/2"]
[Round "08"]
[TimeControl "180+2"]
[Date "2023.03.21"]
[WhiteClock "0:00:03"]
[BlackClock "0:00:04"]

1. e4 c6 2. d4 d5 3. e5 Bf5 4. Nf3 e6 5. Be2 Ne7 6. c3 Nd7 7. O-O Ng6 8. Re1 f6 9. exf6 Qxf6 10. Bg5 Qf7 11. Nbd2 Bd6 12. Nf1 h6 13. Be3 O-O 14. Ng3 Rae8 15. Nxf5 exf5 16. Bd3 Nf4 17. Bf1 g5 18. Qc2 Re6 19. c4 Ng6 20. cxd5 cxd5 21. Qb3 Nf6 22. Ne5 Nxe5 23. dxe5 Bxe5 24. Rad1 Bxh2+ 25. Kxh2 Qh5+ 26. Kg1 Ng4 27. Bc4 dxc4 28. Qxc4 Re8 29. Rd8 Rxd8 30. Qxe6+ Qf7 31. Qxf7+ Kxf7 32. Bxa7 Ra8 33. Bc5 Rxa2 34. f3 Nf6 35. Re7+ Kg6 36. Rxb7 Nd5 37. Bd4 f4 38. Rb5 Ne3 39. Kf2 Nf5 40. Bc3 Ra1 41. Ra5 Rb1 42. Ra6+ Kh5 43. Ke2 Rg1 44. Kf2 Rb1 45. Ke2 Rg1 46. Kf2 Rb1 1/2-1/2


[Site "https://www.chess.com"]

[Event "Titled Tuesday Blitz March 21 Early 2023"]
[White "Le, Tuan Minh"]
[Black "Makhnev, Denis"]
[WhiteFideId "12401153"]
[BlackFideId "13707647"]
[WhiteElo "2558"]
[BlackElo "2525"]
[Result "1/2-1/2"]
[Round "08"]
[TimeControl "180+2"]
[Date "2023.03.21"]
[WhiteClock "0:00:05"]
[BlackClock "0:00:03"]

1. d4 Nf6 2. Nf3 e6 3. Bf4 d5 4. e3 c5 5. c3 Nc6 6. Nbd2 Nh5 7. Be5 f6 8. Bg3 g6 9. Be2 cxd4 10. exd4 Bh6 11. O-O O-O 12. c4 Nf4 13. Re1 Nxe2+ 14. Rxe2 Qd7 15. h3 Rd8 16. cxd5 exd5 17. Nf1 Qf7 18. Ne3 Be6 19. Qd3 Re8 20. Rae1 Bf8 21. a3 a6 22. b4 Rad8 23. Nd2 Ne7 24. Nb3 Nf5 25. Nc5 Nxg3 26. fxg3 Bc8 27. Rf1 Bh6 28. Nd1 Rxe2 29. Qxe2 Re8 30. Qf3 b6 31. Nd3 Bf5 32. N3f2 Be4 33. Nxe4 dxe4 34. Qe2 b5 35. Kh2 f5 36. Nc3 Rc8 37. Qb2 Qc4 38. Ne2 Qc2 39. Qxc2 Rxc2 40. Nf4 Kf7 41. Rd1 Ke7 42. d5 Kd6 43. Ne6 Rd2 44. Re1 Rxd5 45. Nc5 Rd2 46. Nxa6 Bg7 47. Nc5 Be5 48. Nb7+ Kd5 49. Nc5 g5 50. Nb3 Rd3 51. Nc5 Rxg3 52. Kh1 Rxa3 53. Rd1+ Kc4 54. Ne6 Ra1 55. Rxa1 Bxa1 56. Nxg5 Kxb4 57. g4 e3 58. gxf5 e2 59. Nf3 Kc4 60. Kg2 Kd5 61. Kf2 Ke4 62. Ng5+ Kxf5 63. Nxh7 Bg7 64. h4 Bh6 65. Kxe2 b4 66. Kd3 Kg6 67. Ng5 Bxg5 68. hxg5 Kxg5 69. Kc4 Kf4 70. Kxb4 1/2-1/2


[Site "https://www.chess.com"]

[Event "Titled Tuesday Blitz March 21 Early 2023"]
[White "Drygalov, Sergey"]
[Black "Naroditsky, Daniel"]
[WhiteFideId "24171743"]
[BlackFideId "2026961"]
[WhiteElo "2533"]
[BlackElo "2633"]
[Result "0-1"]
[Round "08"]
[TimeControl "180+2"]
[Date "2023.03.21"]
[WhiteClock "0:00:06"]
[BlackClock "0:01:56"]

1. e4 c5 2. Nf3 d6 3. d4 cxd4 4. Nxd4 Nf6 5. Nc3 a6 6. Be3 e5 7. Nb3 Be6 8. f3 Be7 9. Qd2 O-O 10. O-O-O a5 11. a4 Nc6 12. g4 Nb4 13. g5 Ne8 14. Kb1 Rc8 15. h4 d5 16. exd5 Bf5 17. Na1 Nd6 18. h5 Qd7 19. h6 g6 20. Bb5 Nxb5 21. axb5 Rxc3 22. bxc3 Qxb5 23. cxb4 Bxb4 24. Qxb4 Qxb4+ 25. Kc1 Qc3 26. Kb1 Qxe3 0-1


[Site "https://www.chess.com"]

[Event "Titled Tuesday Blitz March 21 Early 2023"]
[White "Vasquez Schroeder, Rodrigo"]
[Black "Andreikin, Dmitry"]
[WhiteFideId "3400042"]
[BlackFideId "4158814"]
[WhiteElo "2600"]
[BlackElo "2736"]
[Result "1/2-1/2"]
[Round "08"]
[TimeControl "180+2"]
[Date "2023.03.21"]
[WhiteClock "0:00:21"]
[BlackClock "0:00:04"]

1. e4 e5 2. Nf3 Nc6 3. Bb5 a6 4. Ba4 g6 5. d4 exd4 6. Bg5 Be7 7. Bxe7 Qxe7 8. Bxc6 dxc6 9. Qxd4 Nf6 10. Nc3 Bg4 11. Nd2 Rd8 12. Qe3 Be6 13. h3 Qb4 14. Rb1 O-O 15. a3 Qb6 16. Qxb6 cxb6 17. Ke2 b5 18. Rhd1 a5 19. Ke3 b4 20. axb4 axb4 21. Ne2 Rfe8 22. f3 Rd7 23. Nf1 Bc4 24. Rxd7 Nxd7 25. Rd1 Nc5 26. Nfg3 f5 27. Rd4 Bxe2 28. Nxe2 fxe4 29. fxe4 b3 30. cxb3 Nxb3 31. Rb4 Nc5 32. Nf4 b5 33. Rd4 Kf7 34. b4 Na6 35. Nd3 Ke7 36. g4 Rf8 37. Ne5 Nb8 38. g5 Rf1 39. Rd3 Rh1 40. Kf4 Rf1+ 41. Ke3 Ke6 42. Nf3 Rb1 43. Rd8 Nd7 44. Nd4+ Kd6 45. e5+ Ke7 46. Nxc6+ Ke6 47. Nd4+ Ke7 48. Rh8 Nxe5 49. Rxh7+ Kd6 50. Nxb5+ Ke6 51. Nd4+ Kd5 52. Nc2 Rb3+ 53. Ke2 Rb2 54. Kd1 Ke4 55. Re7 Rb1+ 56. Kd2 Rh1 57. b5 Rxh3 58. Nb4 Kd4 59. Nc6+ Nxc6 60. bxc6 Rh2+ 61. Kd1 Rh3 62. c7 Rc3 63. Rg7 Ke5 64. Kd2 Rc5 65. Rd7 Ke6 66. Rh7 Kf5 67. Kd3 Kxg5 68. Kd4 Rc1 69. Ke5 Kg4 70. Kd6 g5 71. Rh8 Kf3 72. c8=Q Rxc8 73. Rxc8 g4 74. Rf8+ Ke3 75. Ke5 g3 76. Rg8 Kf3 77. Rf8+ Ke3 78. Ra8 g2 79. Ra3+ Kf2 80. Ra2+ Kg3 81. Rxg2+ Kxg2 1/2-1/2


[Site "https://www.chess.com"]

[Event "Titled Tuesday Blitz March 21 Early 2023"]
[White "Dardha, Daniel"]
[Black "Duda, Jan-Krzysztof"]
[WhiteFideId "240990"]
[BlackFideId "1170546"]
[WhiteElo "2581"]
[BlackElo "2790"]
[Result "0-1"]
[Round "08"]
[TimeControl "180+2"]
[Date "2023.03.21"]
[WhiteClock "0:00:04"]
[BlackClock "0:00:07"]

1. d4 d5 2. c4 e6 3. Nc3 Nf6 4. cxd5 exd5 5. Bg5 Be7 6. e3 O-O 7. Bd3 c6 8. h3 Nbd7 9. Qc2 Re8 10. Bf4 Nf8 11. Nf3 a5 12. Ne5 Be6 13. g4 N6d7 14. h4 Rc8 15. O-O-O b5 16. g5 a4 17. Kb1 a3 18. g6 fxg6 19. h5 g5 20. h6 g6 21. Rdg1 gxf4 22. Bxg6 Nxe5 23. Bxe8+ Kh8 24. dxe5 Qxe8 25. Rg7 f3 26. Rhg1 Ng6 27. Rg3 Bf8 28. Ra7 Bxh6 29. Rxf3 Bg7 30. Rg3 Qf8 31. Rg5 b4 32. Rh5 Kg8 33. Ne2 Qxf2 34. Nd4 Qe1+ 35. Qc1 Qxc1+ 36. Kxc1 axb2+ 37. Kxb2 Bf7 38. Kb3 Nxe5 39. Rg5 Bg6 40. Nf5 Bf6 41. Nh6+ Kh8 42. Rg2 Bg7 43. Ng4 Nxg4 44. Rxg4 c5 45. Rd7 Bf8 46. Rg5 c4+ 47. Kb2 Bg7+ 48. Kc1 b3 49. Rgxd5 b2+ 50. Kd2 c3+ 51. Ke2 b1=Q 52. Rd8+ Rxd8 53. Rxd8+ Bf8 54. Rxf8+ Kg7 55. Rb8 Qxb8 0-1


[Site "https://www.chess.com"]

[Event "Titled Tuesday Blitz March 21 Early 2023"]
[White "Fedoseev, Vladimir"]
[Black "Svane, Frederik"]
[WhiteFideId "24130737"]
[BlackFideId "12923044"]
[WhiteElo "2752"]
[BlackElo "2502"]
[Result "0-1"]
[Round "08"]
[TimeControl "180+2"]
[Date "2023.03.21"]
[WhiteClock "0:00:04"]
[BlackClock "0:00:05"]

1. Nf3 d5 2. b3 Nf6 3. Bb2 e6 4. e3 Bd6 5. c4 O-O 6. Qc2 c5 7. g4 Nxg4 8. Rg1 Nf6 9. cxd5 exd5 10. Nc3 g6 11. Bd3 Nc6 12. Bxg6 fxg6 13. Rxg6+ hxg6 14. Qxg6+ Kh8 15. Nxd5 Be5 16. Nxe5 Qxd5 17. Qh6+ Kg8 18. Qg5+ Kh7 19. Qh4+ Kg7 20. Qg3+ Kh7 21. Qg6+ Kh8 22. Nxc6 bxc6 23. O-O-O Qf5 24. Qh6+ Kg8 25. Rg1+ Kf7 26. e4 Qe6 27. Rg6 Ke8 28. Bxf6 Qxe4 29. Bc3 Bf5 30. d3 Qxd3 31. Re6+ Bxe6 32. Qxe6+ Kd8 33. Be5 Qd5 34. Bf6+ Rxf6 35. Qxf6+ Kc7 36. Qg7+ Kb6 37. h4 Rd8 38. Kb2 Qd2+ 39. Kb1 Qd1+ 40. Kb2 Rd2+ 41. Ka3 Qc1+ 0-1


[Site "https://www.chess.com"]

[Event "Titled Tuesday Blitz March 21 Early 2023"]
[White "Bortnyk, Olexandr"]
[Black "Gharibyan, Mamikon"]
[WhiteFideId "14120828"]
[BlackFideId "13308300"]
[WhiteElo "2734"]
[BlackElo "2445"]
[Result "1-0"]
[Round "08"]
[TimeControl "180+2"]
[Date "2023.03.21"]
[WhiteClock "0:01:10"]
[BlackClock "0:00:04"]

1. d4 Nf6 2. Nc3 d5 3. Bf4 c5 4. e4 cxd4 5. Qxd4 Nc6 6. Bb5 Bd7 7. Bxc6 Bxc6 8. e5 Ne4 9. e6 fxe6 10. Nf3 Qb6 11. Qxb6 axb6 12. Nd4 Kf7 13. Be5 Rg8 14. Nxe4 dxe4 15. O-O g5 16. Rfe1 Bg7 17. Bxg7 Rxg7 18. a3 Bd5 19. Re3 e5 20. Nf5 Rg6 21. Ng3 Rc6 22. c3 Ra4 23. Rae1 Rd6 24. h3 Kf6 25. R3e2 Kg6 26. Nxe4 Bxe4 27. Rxe4 Rxe4 28. Rxe4 Kf5 29. f3 Rd1+ 30. Kh2 h5 31. Rb4 Rd6 32. g4+ hxg4 33. hxg4+ Ke6 34. Kg3 Kd5 35. Kf2 Ke6 36. Ke3 Kd5 37. Rb5+ Ke6 38. Ke4 Kf6 39. Rxe5 e6 40. Rb5 Rc6 41. Rb4 Rd6 42. a4 Rc6 43. Rd4 Rc5 44. Kd3 b5 45. a5 Rc7 46. Rd6 Ke5 47. Rb6 Rd7+ 48. Ke3 1-0


[Site "https://www.chess.com"]

[Event "Titled Tuesday Blitz March 21 Early 2023"]
[White "Alekseenko, Kirill"]
[Black "Zhigalko, Sergei"]
[WhiteFideId "4135539"]
[BlackFideId "13502956"]
[WhiteElo "2683"]
[BlackElo "2626"]
[Result "0-1"]
[Round "08"]
[TimeControl "180+2"]
[Date "2023.03.21"]
[WhiteClock "0:00:08"]
[BlackClock "0:00:05"]

1. d4 Nf6 2. Nc3 d5 3. Bf4 a6 4. e3 e6 5. g4 c5 6. g5 Nfd7 7. h4 Nc6 8. Nf3 b5 9. Bg2 Bb7 10. Ne2 Nb6 11. c3 Bd6 12. dxc5 Bxc5 13. Ned4 Rc8 14. h5 Qe7 15. Nxc6 Rxc6 16. h6 g6 17. b4 Bd6 18. Qd4 Rg8 19. Bxd6 Qxd6 20. Qg7 Qf8 21. Qxh7 Rxc3 22. Ne5 Nd7 23. Nxd7 Kxd7 24. Rd1 Rc4 25. a3 Kc7 26. Rh3 Bc6 27. Rf3 Be8 28. Rf6 Rh8 29. Qg7 Qxg7 30. hxg7 Rg8 31. Bf1 Rc6 32. Rd4 Rxg7 33. Rh4 Rg8 34. Kd2 Kd6 35. Bd3 Rc7 36. f4 Ke7 37. Rh7 Kd6 38. e4 dxe4 39. Bxe4 Rd7 40. Ke3 Rc7 41. Bd3 Rd7 42. Rh1 Rc7 43. Be4 Ke7 44. Rh7 Kd6 45. Bf3 Rc3+ 46. Kf2 Rxa3 47. Be4 Rb3 48. Rh1 Rxb4 49. Rd1+ Ke7 50. Ke3 Rc4 51. Ra1 Bc6 52. Bd3 Ra4 53. Rc1 Rc8 54. Rc5 Bd7 55. Re5 Rc3 56. Kd2 Rb3 57. f5 gxf5 58. Bxf5 Ra2+ 59. Kc1 Rg3 60. Bc2 Rg1+ 61. Bd1 Ra1+ 62. Kb2 Raxd1 63. Re2 Rde1 64. Ref2 Be8 65. g6 Rxg6 66. R6f3 Re4 67. Rc3 Rb4+ 68. Ka2 Rc4 69. Rd3 Bc6 70. Re3 Bd5 0-1


[Site "https://www.chess.com"]

[Event "Titled Tuesday Blitz March 21 Early 2023"]
[White "Nguyen, Ngoc Truong Son"]
[Black "Rustemov, Alexander"]
[WhiteFideId "12401110"]
[BlackFideId "4119002"]
[WhiteElo "2571"]
[BlackElo "2877"]
[Result "0-1"]
[Round "08"]
[TimeControl "180+2"]
[Date "2023.03.21"]
[WhiteClock "0:00:04"]
[BlackClock "0:00:26"]

1. d4 d5 2. c4 c6 3. Nc3 Nf6 4. Nf3 a6 5. cxd5 cxd5 6. Bf4 Nc6 7. e3 Bg4 8. h3 Bxf3 9. Qxf3 e6 10. Bd3 Bd6 11. Bg5 h6 12. Bh4 Rc8 13. O-O O-O 14. Rfc1 Be7 15. Qd1 Ne8 16. Bxe7 Qxe7 17. Na4 Nd6 18. Rc3 Nb4 19. Nc5 Nxd3 20. Qxd3 Rc6 21. Rac1 Rfc8 22. Na4 Rxc3 23. Rxc3 Rxc3 24. Qxc3 Qd7 25. Nc5 Qc6 26. Qb4 h5 27. Kh2 h4 28. Nd3 Ne4 29. Qe7 Qd6+ 30. Qxd6 Nxd6 31. Kg1 g5 32. Kf1 Kg7 33. Ke2 a5 34. b3 b6 35. a4 f6 36. g3 hxg3 37. fxg3 Ne4 38. g4 Kf7 39. Nf2 Nd6 40. Kf3 e5 41. dxe5 fxe5 42. e4 Nxe4 43. Nxe4 dxe4+ 44. Kxe4 Ke6 45. Ke3 Kd5 46. Kd3 e4+ 47. Kd2 Kd4 48. Ke2 e3 0-1


[Site "https://www.chess.com"]

[Event "Titled Tuesday Blitz March 21 Early 2023"]
[White "Lenderman, Aleksandr"]
[Black "Jones, Gawain C B"]
[WhiteFideId "2021285"]
[BlackFideId "409561"]
[WhiteElo "2607"]
[BlackElo "2645"]
[Result "0-1"]
[Round "08"]
[TimeControl "180+2"]
[Date "2023.03.21"]
[WhiteClock "0:02:13"]
[BlackClock "0:01:11"]

1. Nf3 Nf6 2. c4 g6 3. Nc3 Bg7 4. e4 d6 5. d4 O-O 6. Be2 Nbd7 7. O-O e5 8. d5 Nc5 9. Qc2 a5 10. Be3 Ne8 11. a3 f5 12. b4 Nxe4 13. Nxe4 fxe4 14. Nd2 Nf6 15. Nxe4 Nxe4 16. Qxe4 Bf5 17. Qf3 e4 18. Qg3 Be5 19. Bf4 Bxa1 20. Rxa1 axb4 21. c5 Qf6 22. Rf1 bxa3 23. cxd6 cxd6 24. Bxd6 a2 25. Be5 a1=Q 26. Bxf6 Qxf6 0-1


[Site "https://www.chess.com"]

[Event "Titled Tuesday Blitz March 21 Early 2023"]
[White "Idani, Pouya"]
[Black "Esipenko, Andrey"]
[WhiteFideId "12510130"]
[BlackFideId "24175439"]
[WhiteElo "2574"]
[BlackElo "2615"]
[Result "0-1"]
[Round "08"]
[TimeControl "180+2"]
[Date "2023.03.21"]
[WhiteClock "0:00:01"]
[BlackClock "0:00:09"]

1. e4 e5 2. Nf3 Nf6 3. Nxe5 d6 4. Nf3 Nxe4 5. d3 Nf6 6. d4 g6 7. Bd3 Bg7 8. O-O O-O 9. h3 c5 10. Nc3 Nc6 11. dxc5 dxc5 12. a3 h6 13. Be3 b6 14. Qd2 g5 15. Rad1 Be6 16. Rfe1 Re8 17. Bb5 Qxd2 18. Rxd2 Rec8 19. Ba6 Rc7 20. Red1 Rf8 21. Bf1 Rd7 22. Rxd7 Nxd7 23. Bb5 Nde5 24. Nxe5 Nxe5 25. f4 gxf4 26. Bxf4 Rc8 27. Nd5 Ng6 28. Bc1 Bd4+ 29. Ne3 h5 30. Kf1 Kg7 31. c3 Be5 32. Bc4 Re8 33. Bxe6 Rxe6 34. Rd7 Bf4 35. Kf2 Ne5 36. Rd5 Kg6 37. g3 Bg5 38. b4 c4 39. Bd2 f6 40. Rd8 b5 41. Ke2 Ra6 42. h4 Bxe3 43. Bxe3 Rxa3 44. Bd4 Ng4 45. Rg8+ Kf5 46. Rc8 Ra2+ 47. Kf3 Nh2+ 48. Ke3 a6 49. Rc5+ Kg4 50. Ke4 Nf1 51. Bxf6 Nxg3+ 52. Kd5 Nf5 53. Ke6 Re2+ 54. Kf7 Nd6+ 55. Kg6 Ne4 56. Rc6 Nxf6 57. Rxf6 Ra2 58. Rf5 Rd2 59. Rg5+ Kxh4 60. Rxh5+ Kg4 61. Rc5 Rd3 62. Rc6 Rxc3 63. Rxa6 Rb3 64. Kf6 Kf4 65. Ke6 Ke4 0-1


[Site "https://www.chess.com"]

[Event "Titled Tuesday Blitz March 21 Early 2023"]
[White "Kamsky, Gata"]
[Black "Postny, Evgeny"]
[WhiteFideId "2000024"]
[BlackFideId "2804344"]
[WhiteElo "2666"]
[BlackElo "2509"]
[Result "1-0"]
[Round "08"]
[TimeControl "180+2"]
[Date "2023.03.21"]
[WhiteClock "0:00:27"]
[BlackClock "0:00:08"]

1. d4 d5 2. Bf4 Nf6 3. e3 e6 4. Nd2 Bd6 5. Ngf3 Bxf4 6. exf4 c5 7. dxc5 Qc7 8. g3 Qxc5 9. c3 Nc6 10. Bd3 O-O 11. O-O a5 12. Nb3 Qd6 13. Nbd4 b6 14. Re1 Ba6 15. Bc2 Nxd4 16. Nxd4 Rfe8 17. a4 Rad8 18. Qf3 g6 19. h4 Kg7 20. Re3 Bb7 21. Rae1 Ne4 22. h5 Qe7 23. Bd3 Qf6 24. Bb5 Rf8 25. R3e2 g5 26. fxg5 Qxg5 27. Qe3 Qxh5 28. f3 Nd6 29. Rh2 Qg6 30. Qe5+ Kg8 31. Rh4 f6 32. Qxe6+ Qf7 33. Qg4+ Kh8 34. Bd3 f5 35. Qf4 Bc8 36. Kf2 Rfe8 37. Rxe8+ Qxe8 38. Qh6 Qe7 39. Nc6 1-0


[Site "https://www.chess.com"]

[Event "Titled Tuesday Blitz March 21 Early 2023"]
[White "Bolourchifard, Farzad"]
[Black "Yilmaz, Mustafa"]
[WhiteFideId "12510084"]
[BlackFideId "6302718"]
[WhiteElo "2317"]
[BlackElo "2523"]
[Result "1-0"]
[Round "08"]
[TimeControl "180+2"]
[Date "2023.03.21"]
[WhiteClock "0:00:19"]
[BlackClock "0:00:07"]

1. e4 c5 2. Nc3 d6 3. g3 Nc6 4. Bg2 g6 5. d3 Bg7 6. Be3 Rb8 7. Qd2 b5 8. Nge2 b4 9. Nd1 h5 10. h3 Bd7 11. O-O Qc8 12. Kh2 Nf6 13. Bg5 a5 14. a3 O-O 15. Bh6 e5 16. Bxg7 Kxg7 17. f4 Qc7 18. axb4 axb4 19. Ne3 Nd4 20. fxe5 Nh7 21. Nd5 Qc6 22. Nxd4 cxd4 23. exd6 Qxd6 24. Ra7 Be6 25. Nf4 Bc8 26. Qf2 Kg8 27. e5 Qxe5 28. Bd5 Bf5 29. Re1 Qf6 30. Ree7 Ng5 31. h4 Ne6 32. Nxe6 fxe6 33. Qf4 Rbe8 34. Bxe6+ Qxe6 35. Rg7+ Kh8 36. Qh6# 1-0


[Site "https://www.chess.com"]

[Event "Titled Tuesday Blitz March 21 Early 2023"]
[White "Smirnov, Pavel"]
[Black "Van Foreest, Jorden"]
[WhiteFideId "4123425"]
[BlackFideId "1039784"]
[WhiteElo "2519"]
[BlackElo "2633"]
[Result "0-1"]
[Round "08"]
[TimeControl "180+2"]
[Date "2023.03.21"]
[WhiteClock "0:00:07"]
[BlackClock "0:00:52"]

1. d4 d5 2. c4 c6 3. cxd5 cxd5 4. Bf4 Nc6 5. e3 Bf5 6. Nc3 e6 7. Qb3 Qd7 8. Nf3 f6 9. Be2 g5 10. Bg3 h5 11. h4 g4 12. Nd2 Nge7 13. Nb5 Kf7 14. Nd6+ Kg7 15. Qxb7 Qxb7 16. Nxb7 Bg6 17. Rc1 Be8 18. Nd6 Bd7 19. O-O e5 20. Nb3 Be6 21. Nc5 Bg8 22. dxe5 fxe5 23. f3 Rh6 24. Nb5 Nf5 25. Kf2 Rb8 26. fxg4 hxg4 27. Bxg4 Nxg3 28. Kxg3 Rxb5 29. Nd7 Be7 30. h5 Rxb2 31. Rf5 Be6 32. Rxc6 Bxd7 33. Rxh6 Bxf5 34. Ra6 Bxg4 35. Kxg4 Rxg2+ 36. Kf5 Bc5 37. Kxe5 Rg5+ 38. Kf4 Rxh5 0-1


[Site "https://www.chess.com"]

[Event "Titled Tuesday Blitz March 21 Early 2023"]
[White "Erigaisi Arjun"]
[Black "Ahmadzada, Ahmad"]
[WhiteFideId "35009192"]
[BlackFideId "13413007"]
[WhiteElo "2737"]
[BlackElo "2388"]
[Result "1/2-1/2"]
[Round "08"]
[TimeControl "180+2"]
[Date "2023.03.21"]
[WhiteClock "0:00:11"]
[BlackClock "0:00:05"]

1. b3 a5 2. Nc3 e5 3. Nf3 Nc6 4. e3 Nf6 5. Bb5 e4 6. Ng5 d5 7. f3 h6 8. Nh3 Bxh3 9. gxh3 Bb4 10. Bb2 O-O 11. Bxc6 bxc6 12. Na4 Nh5 13. Qe2 Qh4+ 14. Qf2 Bxd2+ 15. Ke2 exf3+ 16. Qxf3 Bxe3 17. Kxe3 Rae8+ 18. Kd2 Qg5+ 19. Kd1 Re4 20. Nc5 Rf4 21. Qe2 Qf5 22. Qd3 Qg5 23. Qe2 Qf5 24. Nd3 Re4 25. Qg2 Rfe8 26. Rf1 Qe6 27. Qf3 g6 28. Bc3 d4 29. Bd2 Qd5 30. a4 f5 31. Kc1 c5 32. Rg1 Kh7 33. Qg2 R8e6 34. Nf2 R4e5 35. Qxd5 Rxd5 36. Nd3 Re2 37. Nf4 Nxf4 38. Bxf4 g5 39. Bxc7 c4 40. bxc4 Rc5 41. Bb6 Rxc4 42. Ra2 d3 43. Bxa5 dxc2 44. Bd2 Rxh2 45. a5 Rxh3 46. a6 Rb3 47. Rb2 Ra3 48. Rb7+ Kg6 49. Rb6+ Kg7 50. Kb2 Raa4 51. Rb7+ Kg6 52. a7 Rc6 53. Rg3 Rca6 54. Be3 f4 55. Bxf4 Rxf4 56. Rgb3 Rfa4 57. R3b6+ Rxb6+ 58. Rxb6+ Kh5 59. Rb7 Kg4 60. Kxc2 Kg3 61. Kb3 Ra1 62. Rh7 g4 63. Kc4 Kg2 64. Kb5 g3 65. Kb6 Rb1+ 66. Kc6 Ra1 67. Kb7 Kg1 68. Rxh6 Rxa7+ 69. Kxa7 g2 70. Kb6 Kf1 71. Rf6+ Ke2 72. Rg6 Kf2 73. Kc5 g1=Q 74. Rxg1 Kxg1 1/2-1/2


[Site "https://www.chess.com"]

[Event "Titled Tuesday Blitz March 21 Early 2023"]
[White "Bok, Benjamin"]
[Black "Ashraf, Artin"]
[WhiteFideId "1017063"]
[BlackFideId "22514805"]
[WhiteElo "2658"]
[BlackElo "2188"]
[Result "1-0"]
[Round "08"]
[TimeControl "180+2"]
[Date "2023.03.21"]
[WhiteClock "0:00:04"]
[BlackClock "0:00:03"]

1. d4 d5 2. c4 e6 3. Nc3 a6 4. cxd5 exd5 5. Nf3 Nf6 6. Bg5 Be6 7. e3 Nbd7 8. h3 Bd6 9. Bd3 c6 10. Bf4 Qc7 11. Qc1 O-O 12. O-O h6 13. a4 Rac8 14. b4 b5 15. axb5 axb5 16. Ra6 Qb7 17. Bxd6 Qxa6 18. Bxf8 Kxf8 19. Ne2 Nb6 20. Qc3 Nc4 21. Ra1 Qb7 22. Ra2 Ra8 23. Qa1 Rxa2 24. Qxa2 Ne8 25. Nf4 Bc8 26. Be2 Nf6 27. Nd2 Qa6 28. Qxa6 Bxa6 29. Nb3 Ne4 30. Nc5 Nxc5 31. dxc5 Bc8 32. Kf1 Bf5 33. Ke1 Ke7 34. Bf1 Na3 35. Kd2 Nb1+ 36. Kc1 Nc3 37. Kd2 Na2 38. Bd3 Bd7 39. Ne2 Nxb4 40. Kc3 Na6 41. Kd4 Nc7 42. Kc3 Kd8 43. Nd4 Na6 44. Nb3 Be6 45. Kd4 Kc7 46. Be2 Nb8 47. Kc3 f6 48. Nd4 Bf7 49. Bg4 Na6 50. Nb3 Kb7 51. h4 Kc7 52. g3 Nb8 53. Nd4 g6 54. Be6 Be8 55. Bg4 Kd8 56. Ne6+ Ke7 57. Nd4 Na6 58. Nb3 Nc7 59. Nd4 Bd7 60. Be2 Ne8 61. Bd3 Kf7 62. Bc2 Ng7 63. Kb4 Ne6 64. Bd3 Nxd4 65. exd4 Bf5 66. Be2 Ke6 67. Ka5 g5 68. hxg5 fxg5 69. Bf3 Be4 70. Bg4+ Ke7 71. Kb4 Kf6 72. f3 Bg6 73. Bd7 h5 74. Bxc6 Bf7 75. Bxb5 h4 76. gxh4 gxh4 77. Bf1 Kf5 78. c6 Kf4 79. Kc5 Kxf3 80. Kd6 Bh5 81. Bh3 Kg3 82. c7 Bg4 83. Bxg4 1-0


[Site "https://www.chess.com"]

[Event "Titled Tuesday Blitz March 21 Early 2023"]
[White "Zakhartsov, Vladimir"]
[Black "Gholami Orimi, Mahdi"]
[WhiteFideId "4145097"]
[BlackFideId "12558486"]
[WhiteElo "2521"]
[BlackElo "2363"]
[Result "1-0"]
[Round "08"]
[TimeControl "180+2"]
[Date "2023.03.21"]
[WhiteClock "0:00:07"]
[BlackClock "0:00:04"]

1. d4 Nf6 2. c4 e6 3. Nf3 d5 4. g3 dxc4 5. Bg2 Bd7 6. Ne5 Bc6 7. Nxc6 Nxc6 8. e3 Qd7 9. O-O h5 10. Nd2 h4 11. Nxc4 Nd5 12. Bd2 f5 13. Rc1 hxg3 14. hxg3 g5 15. Re1 Qh7 16. e4 fxe4 17. Rxe4 O-O-O 18. Bxg5 Qh2+ 19. Kf1 Be7 20. Bxe7 Ndxe7 21. Qg4 Kb8 22. Ne5 Nxe5 23. Rxe5 Nf5 24. Qf3 Nd6 25. Rxe6 Rdf8 26. Rf6 Rxf6 27. Qxf6 Qh7 28. Re1 a6 29. Qf3 Qc2 30. Qc3 Qa4 31. a3 Nb5 32. Qf3 Nd6 33. Qd3 Rf8 34. Kg1 Qd7 35. Re3 Nb5 36. Qe4 Nd6 37. Qe7 Qf5 38. Bf3 Re8 39. Qxd6 cxd6 40. Rxe8+ Ka7 41. Kg2 Qf6 42. Re4 b5 43. b4 Qg5 44. Rf4 Qg6 45. g4 Kb8 46. Rf5 Qe6 47. Kg3 Kc7 48. Rf4 Qb3 49. g5 Qxa3 50. g6 Qb3 51. g7 Qg8 52. Rg4 a5 53. bxa5 b4 54. Bd5 Qxd5 55. g8=Q Qxg8 56. Rxg8 b3 57. Rh8 b2 58. Rh1 b1=Q 59. Rxb1 1-0


[Site "https://www.chess.com"]